 Dungeon Crawl Stone Soup version 0.25-a0-975-gcae8493d64 (webtiles) character file.

Game seed: 3160185279630602437, levelgen mode: deterministic

167 Flugslaktarn the Covered (level 5, 0/47 HPs)
             Began as a Minotaur Fighter on May 9, 2020.
             Slain by Grinder (1 damage)
             ... while paralysed by Grinder
             ... on level 4 of the Dungeon.
             The game lasted 00:00:44 (1018 turns).

Flugslaktarn the Covered (Minotaur Fighter)         Turns: 1018, Time: 00:00:44

Health: 0/47       AC: 12    Str: 21    XL:     5   Next: 23%
Magic:  4/4        EV:  2    Int:  5    God:
Gold:   63         SH:  0    Dex: 10    Spells: 4/4 levels left

rFire    . . .     SeeInvis .   a - +0 war axe
rCold    . . .     Gourm    .   c - +0 kite shield
rNeg     . . .     Faith    .   j - +0 plate armour
rPois    .         Spirit   .   (helmet restricted)
rElec    .         Reflect  .   (no cloak)
rCorr    .         Harm     .   (no gloves)
MR       .....                  (no boots)
Stlth    ..........             (no amulet)
HPRegen  0.15/turn              (no ring)
MPRegen  0.09/turn              (no ring)

@: paralysed
A: retaliatory headbutt, horns 2
a: no special abilities


You were on level 4 of the Dungeon.
You were hungry.

You visited 1 branch of the dungeon, and saw 4 of its levels.

You collected 63 gold pieces.

Inventory:

Hand Weapons
 a - a +0 war axe (weapon)
Armour
 b - a +0 scale mail
 c - a +0 kite shield (worn)
 j - a +0 plate armour (worn)
   (You found it on level 3 of the Dungeon)
Scrolls
 f - 2 scrolls of identify {unknown}
 g - 3 scrolls of immolation {unknown}
 i - a scroll of blinking {unknown}
Comestibles
 e - 5 rations
 h - 11 chunks of flesh


   Skills:
 + Level 4.5 Fighting
 * Level 4.5 Axes
 + Level 4.6 Armour
 + Level 4.5 Shields


You had 4 spell levels left.
You didn't know any spells.
Your spell library was empty.

Dungeon Overview and Level Annotations

Branches:
Dungeon (4/15)
 Temple: D:4-7

Altars:
The Shining One

Annotations:
D:4 Grinder


Innate Abilities, Weirdness & Mutations

You reflexively headbutt those who attack you in melee.
You have a pair of horns on your head.


Message History

* * * LOW HITPOINT WARNING * * *
Grinder gestures at you. Pain shoots through your body!
* * * LOW HITPOINT WARNING * * *
You are feeling hungry.
You closely miss Grinder. You headbutt Grinder.
Grinder is heavily wounded.
Grinder gestures at you. You resist with significant effort.
You slash Grinder!
Grinder is severely wounded.
You block Grinder's attack.
Unknown command.
You hit Grinder.
Grinder is almost dead.
Grinder gestures at you.
You suddenly lose the ability to move!
Grinder hits you.
* * * LOW HITPOINT WARNING * * *
You writhe in agony.
You die...

#...>.# #.....#
....... #.....####
....... #........#
##.......
#.....##.###..(.....
###.####.##.........
#.# #.##.......$.
#.# #.)#.........
#.# ##...@5...... #.
##..).......
#..#........
#...........
#..#######.#. ....
.. #.... . #.....
..#...


You could see Grinder.

Vanquished Creatures
  2 orc priests
  An orc wizard (D:4)
  A worker ant (D:4)
  Robin (D:3)
  An adder (D:2)
  2 leopard geckos (D:2)
  3 orcs
  11 goblins
  3 hobgoblins
  3 jackals (D:1)
  3 kobolds
  A ball python (D:1)
  3 bats (D:1)
  4 frilled lizards
  A rat (D:3)
40 creatures vanquished.

Notes
Turn   | Place    | Note
-------+----------+-------------------------------------------
     0 | D:1      | Flugslaktarn the Minotaur Fighter began the quest for the
                  | Orb.
     0 | D:1      | Reached XP level 1. HP: 19/19 MP: 0/0
    70 | D:1      | Reached XP level 2. HP: 26/27 MP: 1/1
   350 | D:2      | Found a glowing golden altar of the Shining One.
   400 | D:2      | Reached XP level 3. HP: 31/33 MP: 2/2
   814 | D:3      | Noticed Robin
   820 | D:3      | Reached XP level 4. HP: 40/40 MP: 3/3
   834 | D:3      | Killed Robin
   976 | D:4      | Noticed Grinder
   987 | D:4      | Reached XP level 5. HP: 42/47 MP: 4/4
   992 | D:4      | Paralysed by Grinder for 2 turns
  1003 | D:4      | Paralysed by Grinder for 5 turns
  1015 | D:4      | HP: 2/47 [Grinder/nerve-wracking pain (11)]
  1018 | D:4      | Paralysed by Grinder for 7 turns
  1018 | D:4      | Slain by Grinder

Illustrated notes

Levels and vault maps discovered:
D:1:      minmay_arrival_shoal_huts, layout_basic, minmay_crystal_water,
          item_on_display_a
D:2:      layout_basic, tso_metal_star, ashenzari_conservatory_becter,
          vehumet_crystals, lemuel_round_altar, first_ration
D:3:      layout_basic, biasface_ghost_orc_armoury, grunt_decor_arrowhead,
          hex_intersection, uniq_sigmund, uniq_robin
D:4:      layout_rooms, lemuel_crystal_altar, minmay_temple_entry_grid,
          uniq_grinder

Skill      XL: |  1  2  3  4 |
---------------+-------------+-----
Axes           | 3 4 |  4.5
Armour         | 4 |  4.6
Shields        | 4 |  4.5
Fighting       | 4 |  4.5

Action                   |  1- 3 |  4- 6 || total
-------------------------+-------+-------++-------
Melee: War axe           |    55 |    31 ||    86
       Headbutt          |     2 |     6 ||     8
  Use: Potion            |       |     1 ||     1
Armor: Scale mail        |    45 |     5 ||    50
       Plate armour      |       |    15 ||    15
Dodge: Dodged            |    20 |     6 ||    26
Block: Kite shield       |    28 |    16 ||    44

Table legend:
 A = Non-vault XP
 B = Vault XP
 C = Vault XP percentage of total XP
 D = Non-vault monster count
 E = Vault monster count
 F = Vault count percentage of total count
                 A         B        C        D         E       F
            +---------+---------+-------+---------+---------+-------
      Total |     206 |      33 |  13.8 |      29 |      11 |  27.5
            +---------+---------+-------+---------+---------+-------
        D:1 |      19 |       0 |   0.0 |      12 |       0 |   0.0
        D:2 |      25 |       0 |   0.0 |       6 |       0 |   0.0
        D:3 |      50 |      33 |  39.8 |       7 |      11 |  61.1
        D:4 |     112 |       0 |   0.0 |       4 |       0 |   0.0
            +---------+---------+-------+---------+---------+-------
